[Event "Titled Tuesday Blitz July 13 2021"]
[White "Abdusattorov, Nodirbek"]
[Black "Spitzl, Vinzent"]
[WhiteFideId "14204118"]
[BlackFideId "12901253"]
[WhiteElo "2662"]
[BlackElo "2192"]
[Result "1-0"]
[Round "01"]
[TimeControl "180+1"]
[Date "2021.07.13"]
[WhiteClock "0:01:46"]
[BlackClock "0:00:09"]

1. e4 c5 2. Nf3 d6 3. d4 cxd4 4. Nxd4 Nf6 5. Nc3 a6 6. f4 e5 7. Nb3 Nbd7 8. g4 h6 9. g5 hxg5 10. fxg5 Nh5 11. Qf3 b5 12. Be3 Bb7 13. O-O-O Be7 14. h4 Rc8 15. Nd5 Bxd5 16. exd5 Nf4 17. Bxf4 exf4 18. Nd4 Ne5 19. Qe4 Qc7 20. Bh3 Rb8 21. Nc6 Nxc6 22. dxc6 d5 23. Bd7+ Kf8 24. Rxd5 b4 25. Re1 Qd8 26. c7 Qxc7 27. Qxe7+ Kg8 28. g6 fxg6 1-0


[Site "https://www.chess.com"]

[Event "Titled Tuesday Blitz July 13 2021"]
[White "Alavkin, Arseny"]
[Black "Dolzhykova, Kateryna"]
[WhiteFideId "4120612"]
[BlackFideId "14113414"]
[WhiteElo "2401"]
[BlackElo "2151"]
[Result "1-0"]
[Round "01"]
[TimeControl "180+1"]
[Date "2021.07.13"]
[WhiteClock "0:01:48"]
[BlackClock "0:00:39"]

1. e4 c6 2. d4 d5 3. exd5 cxd5 4. Bd3 Nc6 5. c3 Qc7 6. Na3 a6 7. Nc2 Nf6 8. h3 g6 9. Ne2 Bg7 10. Bf4 Qb6 11. Rb1 Bf5 12. Bxf5 gxf5 13. Ne3 e6 14. g4 fxg4 15. hxg4 O-O-O 16. Qd3 h6 17. f3 Qa5 18. a3 Qb5 19. Kd2 Na5 20. Qxb5 axb5 21. b3 Bf8 22. Be5 Be7 23. Kc2 Nc6 24. Bf4 Kd7 25. Bxh6 Rc8 26. Kd3 Rh7 27. Bf4 Rch8 28. Ng3 Bd6 29. Bxd6 Kxd6 30. Rxh7 Rxh7 31. Rh1 Rg7 32. Ngf5+ exf5 33. Nxf5+ Kc7 34. Nxg7 Ne7 35. Nf5 Ng6 36. Ke3 Kd7 37. Nh4 Ne7 38. Kf4 Kd6 39. Nf5+ Nxf5 40. Kxf5 Nd7 41. Rh7 Ke7 42. g5 Nf8 43. Rh2 Ng6 44. Re2+ Kd7 45. Kf6 Nf4 46. Re5 Nd3 47. Kxf7 b4 48. axb4 Kd6 49. g6 Nxe5+ 50. dxe5+ Kxe5 51. g7 d4 52. g8=Q dxc3 53. Qg7+ Kf4 54. Qxc3 b5 55. Qc5 Kg3 56. Qxb5 Kf2 57. Qc4 Ke3 58. b5 Kd2 59. b6 Ke3 60. b7 Kd2 61. b8=Q Ke3 62. Qbf4+ Kf2 63. Qd2+ Kg3 64. Qg4# 1-0


[Site "https://www.chess.com"]

[Event "Titled Tuesday Blitz July 13 2021"]
[White "Aradhya, Garg"]
[Black "Toncheva, Nadya"]
[WhiteFideId "25006746"]
[BlackFideId "2924056"]
[WhiteElo "2146"]
[BlackElo "1920"]
[Result "1-0"]
[Round "01"]
[TimeControl "180+1"]
[Date "2021.07.13"]
[WhiteClock "0:01:00"]
[BlackClock "0:00:50"]

1. d4 Nf6 2. c4 e6 3. Nf3 c5 4. d5 exd5 5. cxd5 d6 6. e4 a6 7. Nbd2 g6 8. a4 Bg4 9. Bd3 Bg7 10. O-O O-O 11. Qb3 Qc7 12. h3 Bxf3 13. Nxf3 c4 14. Qxc4 Qxc4 15. Bxc4 Nxe4 16. Re1 f5 17. Ng5 Nd7 18. Nxe4 Rae8 19. Bf4 Rxe4 20. Rxe4 fxe4 21. Bxd6 Rc8 22. Bb3 Bxb2 23. Rb1 Bd4 24. Rd1 Bf6 25. Bb4 Kg7 26. d6 Rd8 27. Rc1 Nb8 28. Rc7+ Rd7 29. Be6 1-0


[Site "https://www.chess.com"]

[Event "Titled Tuesday Blitz July 13 2021"]
[White "Ashwin, Jayaram"]
[Black "Cabarkapa, Novak"]
[WhiteFideId "5018137"]
[BlackFideId "943746"]
[WhiteElo "2461"]
[BlackElo "2469"]
[Result "0-1"]
[Round "01"]
[TimeControl "180+1"]
[Date "2021.07.13"]
[WhiteClock "0:00:34"]
[BlackClock "0:00:26"]

1. d4 Nf6 2. c4 g6 3. Nc3 Bg7 4. e4 O-O 5. Nf3 d6 6. Be2 Na6 7. O-O e5 8. Be3 Qe7 9. dxe5 dxe5 10. Nd5 Qd8 11. Nxf6+ Qxf6 12. a3 c6 13. b4 Nc7 14. Qc2 Ne6 15. Rad1 Nf4 16. Bxf4 Qxf4 17. Rfe1 Be6 18. c5 Rfd8 19. Nd2 Rd4 20. f3 Qe3+ 21. Kh1 Qxa3 22. b5 cxb5 23. Bxb5 Rc8 24. c6 bxc6 25. Bc4 Qc5 26. Bb3 Qxc2 27. Bxc2 Rcd8 28. Nb3 Rxd1 29. Rxd1 Rxd1+ 30. Bxd1 Bf8 31. Na5 c5 32. Be2 Bd7 33. Bc4 Bh6 34. Kg1 Kf8 35. Kf1 Ke7 36. Ke2 f5 37. Kd3 Kd6 38. Bd5 Kc7 39. Kc4 Kb6 40. Nb3 Bb5+ 41. Kc3 a5 42. Bg8 Be8 43. Bxh7 fxe4 44. fxe4 Bf7 45. h4 a4 46. Na1 Be3 47. Kc2 Bd4 48. Kb1 Bxa1 49. Kxa1 c4 50. Kb2 Kc5 51. Kc3 a3 52. g4 a2 53. Kb2 Kd4 54. Kxa2 Kc3 55. g5 Kd2 56. h5 c3+ 57. Ka3 c2 58. hxg6 c1=Q+ 0-1


[Site "https://www.chess.com"]

[Event "Titled Tuesday Blitz July 13 2021"]
[White "Bilych, Olexiy"]
[Black "Gevorgyan, Maria"]
[WhiteFideId "14156504"]
[BlackFideId "13300270"]
[WhiteElo "2246"]
[BlackElo "2210"]
[Result "1-0"]
[Round "01"]
[TimeControl "180+1"]
[Date "2021.07.13"]
[WhiteClock "0:01:08"]
[BlackClock "0:01:01"]

1. e4 c5 2. Nf3 Nc6 3. Bb5 g6 4. O-O Bg7 5. c3 Nf6 6. Re1 O-O 7. d4 cxd4 8. e5 Nd5 9. cxd4 d6 10. Nc3 Nc7 11. Bxc6 bxc6 12. Bg5 h6 13. exd6 hxg5 14. dxe7 Qd6 15. exf8=Q+ Kxf8 16. Ne4 Qd5 17. Nexg5 Bg4 18. h3 Bd7 19. Ne5 Be8 20. Ne4 Rd8 21. Qf3 Bxe5 22. dxe5 Qxe5 23. Nf6 Qxb2 24. Qf4 Qd2 25. Qxc7 1-0


[Site "https://www.chess.com"]

[Event "Titled Tuesday Blitz July 13 2021"]
[White "Borsuk, Konstantin"]
[Black "Julianos82"]
[WhiteFideId "14113406"]
[WhiteElo "2363"]
[BlackElo "2351"]
[Result "1-0"]
[Round "01"]
[TimeControl "180+1"]
[Date "2021.07.13"]
[WhiteClock "0:01:15"]
[BlackClock "0:00:11"]

1. d4 d5 2. c4 dxc4 3. Nf3 c6 4. e3 b5 5. a4 Bb7 6. axb5 cxb5 7. b3 e6 8. bxc4 Bb4+ 9. Bd2 Bxd2+ 10. Nbxd2 bxc4 11. Nxc4 Ne7 12. Bd3 O-O 13. Bxh7+ Kxh7 14. Ng5+ Kh6 15. Ne5 Qd5 16. Ngxf7+ Rxf7 17. Nxf7+ Kh7 18. Ne5 Nbc6 19. Qb1+ Nf5 20. Qxb7 Qxg2 21. Rf1 Rb8 22. Qxc6 Qg5 23. h4 Qh5 24. Qxe6 Rb2 25. Qg6+ Qxg6 26. Nxg6 Kxg6 27. Rxa7 Kh5 28. Ra5 Kg4 29. Rg1+ Kh3 30. Rxf5 g5 31. Rgxg5 1-0


[Site "https://www.chess.com"]

[Event "Titled Tuesday Blitz July 13 2021"]
[White "Bortnyk, Olexandr"]
[Black "Grochal, Joey"]
[WhiteFideId "14120828"]
[BlackFideId "1019945"]
[WhiteElo "2723"]
[BlackElo "2265"]
[Result "1-0"]
[Round "01"]
[TimeControl "180+1"]
[Date "2021.07.13"]
[WhiteClock "0:00:37"]
[BlackClock "0:00:20"]

1. e4 c5 2. c3 Nf6 3. e5 Nd5 4. d4 cxd4 5. Nf3 Nc6 6. cxd4 d6 7. Bc4 Nb6 8. Bb5 dxe5 9. Nxe5 Bd7 10. Nxd7 Qxd7 11. Nc3 e6 12. O-O Be7 13. Qg4 O-O 14. Rd1 Rfd8 15. Bh6 g6 16. Rd3 a6 17. Bxc6 Qxc6 18. Re1 Bf6 19. Bg5 Bxg5 20. Qxg5 Qc4 21. Red1 Nd5 22. Ne4 f5 23. Nc5 Nb4 24. Rc3 Rxd4 25. Re1 Qd5 26. Rcc1 e5 27. Qf6 Rf8 28. Qe7 e4 29. Ne6 1-0


[Site "https://www.chess.com"]

[Event "Titled Tuesday Blitz July 13 2021"]
[White "Bouchet, Sebastien"]
[Black "Bernadskiy, Vitaliy"]
[WhiteFideId "623571"]
[BlackFideId "14100371"]
[WhiteElo "2419"]
[BlackElo "2510"]
[Result "0-1"]
[Round "01"]
[TimeControl "180+1"]
[Date "2021.07.13"]
[WhiteClock "0:01:31"]
[BlackClock "0:01:30"]

1. e4 c5 2. c3 Nf6 3. e5 Nd5 4. d4 cxd4 5. Nf3 Nc6 6. Bc4 e6 7. cxd4 d6 8. O-O Be7 9. exd6 Qxd6 10. Nc3 Nxc3 11. bxc3 O-O 12. Re1 b6 13. Qe2 Bb7 14. Bd3 Rac8 15. Qe4 g6 16. Bh6 Rfe8 17. Bg5 Na5 18. Qh4 Bxf3 19. gxf3 Bxg5 20. Qxg5 Rxc3 21. Rad1 Rd8 22. Be4 Nc4 23. d5 e5 24. Rc1 Rxc1 25. Rxc1 b5 26. f4 exf4 27. h4 Re8 28. Bf3 Nd2 29. Kg2 Nxf3 30. Kxf3 Qa3+ 31. Kg4 Qxc1 0-1


[Site "https://www.chess.com"]

[Event "Titled Tuesday Blitz July 13 2021"]
[White "Bugayev, Vladimir"]
[Black "Csonka, Balazs"]
[WhiteFideId "30901480"]
[BlackFideId "742910"]
[WhiteElo "2320"]
[BlackElo "2404"]
[Result "0-1"]
[Round "01"]
[TimeControl "180+1"]
[Date "2021.07.13"]
[WhiteClock "0:00:19"]
[BlackClock "0:00:37"]

1. e4 e6 2. d4 d5 3. Bd3 dxe4 4. Bxe4 Nf6 5. Bf3 Be7 6. Ne2 O-O 7. Nbc3 c5 8. Be3 Qa5 9. O-O Rd8 10. Qc1 Nc6 11. Bxc6 bxc6 12. dxc5 Bxc5 13. Bxc5 Qxc5 14. Rd1 Ba6 15. Qe3 Qxe3 16. fxe3 Ng4 17. e4 Ne3 18. Rxd8+ Rxd8 19. Kf2 Nxc2 20. Rc1 Nb4 21. Ke3 Rd3+ 22. Kf2 Rd2 23. Ke3 Rxb2 24. a3 Nc2+ 25. Kf3 Nxa3 26. Nd4 Nb5 27. Ncxb5 Bxb5 28. Nxc6 Bxc6 29. Rxc6 Rb8 30. Ra6 Ra8 31. Kf4 Kf8 32. Ke5 Ke7 33. Kd4 Kd7 34. e5 Kc7 35. Kc5 Kb7 36. Rb6+ axb6+ 0-1


[Site "https://www.chess.com"]

[Event "Titled Tuesday Blitz July 13 2021"]
[White "Buscar, Michael"]
[Black "Krivonosov, Oleg"]
[WhiteFideId "2603616"]
[BlackFideId "11600349"]
[WhiteElo "2010"]
[BlackElo "2469"]
[Result "0-1"]
[Round "01"]
[TimeControl "180+1"]
[Date "2021.07.13"]
[WhiteClock "0:00:01"]
[BlackClock "0:00:13"]

1. d4 d5 2. c4 e6 3. Nc3 Be7 4. Nf3 Nf6 5. g3 O-O 6. Bg2 Nbd7 7. O-O dxc4 8. Qa4 a6 9. Qxc4 b5 10. Qd3 Bb7 11. Rd1 c5 12. Bf4 Qb6 13. Ne5 Bxg2 14. Kxg2 cxd4 15. Qxd4 Qxd4 16. Rxd4 Nxe5 17. Bxe5 Rfc8 18. Rad1 h6 19. a3 Rc6 20. R4d3 Rac8 21. Bd6 Kf8 22. e4 Bxd6 23. Rxd6 Ne8 24. Rd8 Rxd8 25. Rxd8 Ke7 26. Ra8 Nd6 27. Ra7+ Kf6 28. f4 Kg6 29. e5 Nc4 30. Nd1 h5 31. Rd7 Nxb2 32. Nxb2 Rc2+ 33. Kh3 Rxb2 34. Rd6 a5 35. Ra6 a4 36. Rb6 Rb3 37. Kh4 Rxa3 38. Rxb5 Ra1 39. Ra5 a3 40. h3 a2 41. Ra7 f6 42. exf6 gxf6 43. Ra6 Kf5 44. Kxh5 e5 45. Ra5 Ke6 46. Ra6+ Kd5 47. Ra5+ Kd4 48. fxe5 fxe5 49. g4 e4 50. g5 e3 51. Ra4+ Kc5 52. Ra5+ Kb4 53. Ra8 e2 54. g6 e1=Q 55. g7 Qe2+ 56. Kh6 Qe3+ 57. Kh5 Qe5+ 58. Kh6 Qf6+ 59. Kh7 Rg1 60. Rb8+ Kc5 61. Rc8+ Kb6 62. Rb8+ Kc7 63. g8=Q Rxg8 64. Rxg8 a1=Q 65. Rg6 Qb1 0-1


[Site "https://www.chess.com"]

[Event "Titled Tuesday Blitz July 13 2021"]
[White "Chigaev, Maksim"]
[Black "Suvorov, Luca"]
[WhiteFideId "4108116"]
[BlackFideId "12977071"]
[WhiteElo "2646"]
[BlackElo "2127"]
[Result "1-0"]
[Round "01"]
[TimeControl "180+1"]
[Date "2021.07.13"]
[WhiteClock "0:00:10"]
[BlackClock "0:00:02"]

1. d4 Nf6 2. c4 e6 3. Nf3 a6 4. Nc3 d5 5. c5 b6 6. cxb6 cxb6 7. Bf4 Bd6 8. e3 Bxf4 9. exf4 b5 10. Bd3 Bd7 11. O-O b4 12. Na4 O-O 13. Nc5 Bb5 14. Rc1 Nbd7 15. Re1 Nxc5 16. Rxc5 Bxd3 17. Qxd3 Ne4 18. Rc6 Qa5 19. Ra1 Rfc8 20. Ne5 Rxc6 21. Nxc6 Qb6 22. Rc1 g6 23. b3 Kg7 24. Ne5 Nc3 25. a4 Qxd4 26. Qxd4 Ne2+ 27. Kf1 Nxd4 28. Rc7 Nxb3 29. Rxf7+ Kg8 30. Rb7 a5 31. Ng4 Rf8 32. g3 Nc5 33. Rb5 Nxa4 34. Rxa5 Nc3 35. Ra7 h5 36. Ne5 Rb8 37. Nc6 Rb6 38. Ne7+ Kf8 39. Nxg6+ Ke8 40. Ra8+ Kd7 41. Ne5+ Kd6 42. Rd8+ Kc5 43. Nd7+ Kc6 44. Nxb6 Kxb6 45. Rb8+ Kc5 46. Ke1 Kc4 47. f3 Na2 48. Kd2 Nc3 49. h4 d4 50. g4 hxg4 51. fxg4 b3 52. h5 Na4 53. h6 b2 54. Rxb2 Nxb2 55. h7 Kd5 56. h8=Q Nc4+ 57. Ke1 Ne3 58. Qe5+ Kc4 59. Ke2 Nc2 60. Qxe6+ Kc3 61. Qc6+ Kb3 62. Qb5+ Nb4 63. Kd2 1-0


[Site "https://www.chess.com"]

[Event "Titled Tuesday Blitz July 13 2021"]
[White "Chiu, Isaac"]
[Black "Zhukov, Maksim"]
[WhiteFideId "30900654"]
[BlackFideId "34181790"]
[WhiteElo "2117"]
[BlackElo "1992"]
[Result "1-0"]
[Round "01"]
[TimeControl "180+1"]
[Date "2021.07.13"]
[WhiteClock "0:00:34"]
[BlackClock "0:00:02"]

1. e4 d5 2. exd5 Nf6 3. d4 Nxd5 4. Nf3 Bg4 5. c4 Nb6 6. c5 N6d7 7. Bc4 e6 8. Nc3 Nc6 9. Be3 Be7 10. h3 Bh5 11. O-O O-O 12. Ne4 Nf6 13. Ng3 Bg6 14. Qe2 Nd5 15. Rfd1 Bf6 16. a3 h6 17. b4 a6 18. Rac1 Re8 19. Nh2 Bh4 20. Ng4 Bxg3 21. fxg3 Nxe3 22. Qxe3 Qe7 23. Kh2 Rad8 24. Rd2 Rd7 25. Rcd1 Red8 26. b5 Na5 27. Bf1 axb5 28. Bxb5 c6 29. Qc3 cxb5 30. Qxa5 Bh5 31. Qxb5 Bxg4 32. hxg4 Qg5 33. Qe2 Rd5 34. Qf3 Qg6 35. Qf4 Rg5 36. Qc7 Rdd5 37. Qxb7 Rxg4 38. Rd3 Rh5+ 39. Kg1 Rxg3 40. Rxg3 Qxg3 41. Qa8+ Kh7 42. Qe4+ Kh8 43. Qa8+ Kh7 44. Qe4+ Kh8 45. c6 Qh2+ 46. Kf2 Rf5+ 47. Ke2 Qg3 48. Rf1 Rb5 49. Qc2 Qxg2+ 50. Rf2 Qg4+ 51. Ke3 Qg5+ 52. Kd3 Qg3+ 53. Kc4 Rd5 54. Rxf7 Qxa3 55. c7 Qa6+ 56. Kc3 Qa5+ 57. Kd3 Qb5+ 58. Ke3 1-0


[Site "https://www.chess.com"]

[Event "Titled Tuesday Blitz July 13 2021"]
[White "Cornette, Matthieu"]
[Black "Colbow, Collin"]
[WhiteFideId "620084"]
[BlackFideId "16201132"]
[WhiteElo "2500"]
[BlackElo "2137"]
[Result "1-0"]
[Round "01"]
[TimeControl "180+1"]
[Date "2021.07.13"]
[WhiteClock "0:00:07"]
[BlackClock "0:00:02"]

1. Nc3 c5 2. e4 Nc6 3. Bb5 Nd4 4. Nf3 a6 5. Bd3 g6 6. O-O Bg7 7. Rb1 e6 8. b4 Nxf3+ 9. Qxf3 cxb4 10. Rxb4 Ne7 11. Rb1 O-O 12. Bb2 Nc6 13. Ne2 Ne5 14. Qg3 Nxd3 15. Bxg7 Kxg7 16. Qxd3 d5 17. exd5 Qxd5 18. Qxd5 exd5 19. Rb6 Re8 20. Nd4 Re7 21. Rfb1 Ra7 22. f3 Be6 23. Kf2 Kf8 24. c3 Ke8 25. g4 Kd8 26. a4 Kc7 27. a5 Bd7 28. h4 Re5 29. Rf6 Re7 30. h5 Ra8 31. Rfb6 Bc6 32. hxg6 hxg6 33. Nxc6 bxc6 34. Rb7+ Kd6 35. Rxe7 Kxe7 36. Rb6 Kd6 37. Ke3 Kc7 38. Kf4 Re8 39. Rxa6 Re2 40. Ra7+ Kd6 41. Rxf7 Rxd2 42. a6 Ra2 43. a7 c5 44. Rf6+ Ke7 45. Rxg6 Kf7 46. Rc6 d4 47. cxd4 cxd4 48. Rc7+ Ke6 49. Ke4 Ra4 50. g5 Kd6 51. Rh7 Ke6 52. Rh6+ Kf7 53. Rh8 Kg6 54. a8=Q Rxa8 55. Rxa8 Kxg5 56. Kxd4 Kf6 1-0


[Site "https://www.chess.com"]

[Event "Titled Tuesday Blitz July 13 2021"]
[White "Daianu, Cristian-Clement"]
[Black "Tanenbaum, Zachary"]
[WhiteFideId "1208926"]
[BlackFideId "2060850"]
[WhiteElo "2133"]
[BlackElo "2165"]
[Result "1-0"]
[Round "01"]
[TimeControl "180+1"]
[Date "2021.07.13"]
[WhiteClock "0:00:31"]
[BlackClock "0:00:02"]

1. e4 e5 2. Nf3 Nc6 3. Bc4 Nf6 4. d3 Be7 5. c3 O-O 6. Bb3 d5 7. exd5 Nxd5 8. O-O Bg4 9. Re1 Nb6 10. h3 Bh5 11. Nbd2 Bd6 12. Nf1 Kh8 13. Ng3 Bg6 14. a4 a5 15. Bg5 f6 16. Be3 f5 17. Bg5 Qd7 18. Nh4 Bf7 19. Bxf7 Rxf7 20. Qh5 Kg8 21. Be3 Nd5 22. Nhxf5 g6 23. Nh6+ Kg7 24. Qg5 Be7 25. Nh5+ Kf8 26. Qg3 Nxe3 27. Nxf7 Nf5 28. Nxe5 Nxe5 29. Qxe5 Kf7 30. Ng3 Bf6 31. Qf4 Nh4 32. Ne4 Nf5 33. Nxf6 Kxf6 34. d4 Kg7 35. Re5 Rf8 36. Rae1 Rf7 37. Qg5 h6 38. Qg4 Qxa4 39. Re6 g5 40. Qh5 Rf6 41. Rxf6 Kxf6 42. g4 Nh4 43. Qxh6+ Kf7 44. Qh7+ Kf8 45. Qe7+ Kg8 46. Qxg5+ Kf7 47. Qxh4 Qc2 48. Re7+ Kf8 49. Qf6+ Kg8 50. Qg7# 1-0


[Site "https://www.chess.com"]

[Event "Titled Tuesday Blitz July 13 2021"]
[White "Damjanovic, Vladimir"]
[Black "Popilski, Gil"]
[WhiteFideId "903795"]
[BlackFideId "2809060"]
[WhiteElo "2374"]
[BlackElo "2537"]
[Result "0-1"]
[Round "01"]
[TimeControl "180+1"]
[Date "2021.07.13"]
[WhiteClock "0:00:01"]
[BlackClock "0:00:28"]

1. e4 c5 2. Nf3 d6 3. d4 cxd4 4. Nxd4 Nf6 5. Nc3 e5 6. Bb5+ Nbd7 7. Nf5 a6 8. Bxd7+ Qxd7 9. O-O d5 10. Bg5 Nxe4 11. Nxe4 dxe4 12. Ng3 f6 13. Bd2 Qc6 14. Qh5+ g6 15. Qh4 f5 16. Bc3 Bg7 17. Bb4 Qf6 18. Qxf6 Bxf6 19. Bc3 Be6 20. Rfe1 Kf7 21. Rad1 Rhd8 22. Rxd8 Rxd8 23. Nf1 h5 24. a3 g5 25. h3 g4 26. hxg4 hxg4 27. Ng3 Rd5 28. Nh5 Bh8 29. g3 Rd8 30. Re2 Kg6 0-1


[Site "https://www.chess.com"]

[Event "Titled Tuesday Blitz July 13 2021"]
[White "Darini, Pouria"]
[Black "Shuvalov, Evgenij"]
[WhiteFideId "12502200"]
[BlackFideId "4187237"]
[WhiteElo "2489"]
[BlackElo "2163"]
[Result "1-0"]
[Round "01"]
[TimeControl "180+1"]
[Date "2021.07.13"]
[WhiteClock "0:00:15"]
[BlackClock "0:00:07"]

1. e4 e6 2. d4 d5 3. Nc3 Bb4 4. exd5 exd5 5. Bd3 Nc6 6. a3 Be7 7. Nge2 Bf6 8. O-O Nge7 9. Be3 h5 10. Qd2 O-O 11. Bg5 Bxg5 12. Qxg5 g6 13. Ng3 Nf5 14. Qxd8 Rxd8 15. Bxf5 Bxf5 16. Nxf5 gxf5 17. Rad1 Rd7 18. Ne2 h4 19. Nf4 Ne7 20. Rfe1 Ng6 21. Nd3 b6 22. Re3 Kg7 23. Rde1 Kf6 24. Ne5 Re7 25. Nc6 Re6 26. Nb4 Rd8 27. Nd3 f4 28. Rxe6+ fxe6 29. f3 Rc8 30. b4 Ra8 31. Kf2 a5 32. b5 Rc8 33. Ke2 c6 34. bxc6 Rxc6 35. Kd2 Rc4 36. Rb1 Rxd4 37. Rxb6 Ne5 38. Rb8 Nxd3 39. cxd3 Ra4 40. Rb3 Ke5 41. Kc3 Kd6 42. Kb2 Kc5 43. Rb8 Kd4 44. Kb3 Kxd3 45. Kxa4 e5 46. Kxa5 e4 47. Kb4 e3 48. a4 e2 49. Re8 Kd2 50. a5 e1=Q 51. Rxe1 Kxe1 52. Kc5 Kf2 53. a6 Kxg2 54. a7 Kxh2 55. a8=Q h3 56. Qxd5 Kg2 57. Qg5+ Kxf3 58. Qh4 Kg2 59. Qg4+ Kh2 60. Kd4 f3 61. Ke3 f2 62. Kxf2 Kh1 63. Qxh3# 1-0


[Site "https://www.chess.com"]

[Event "Titled Tuesday Blitz July 13 2021"]
[White "David, Alexandru-Vasile"]
[Black "McDonald, Mike"]
[WhiteFideId "1223453"]
[BlackFideId "2635682"]
[WhiteElo "2393"]
[BlackElo "2366"]
[Result "1-0"]
[Round "01"]
[TimeControl "180+1"]
[Date "2021.07.13"]
[WhiteClock "0:00:15"]
[BlackClock "0:00:36"]

1. d4 Nf6 2. c4 g6 3. Nc3 Bg7 4. e4 d6 5. Be2 O-O 6. Be3 e5 7. d5 a5 8. g4 Na6 9. h4 Nc5 10. f3 h5 11. g5 Nh7 12. Qd2 b6 13. Nh3 Bxh3 14. Rxh3 Qe7 15. O-O-O Kh8 16. Kb1 a4 17. Rf1 Rfe8 18. Bd1 a3 19. b3 Nf8 20. b4 Na6 21. Nb5 Nc5 22. bxc5 bxc5 23. Rg3 Reb8 24. Bb3 Qd8 25. Qd3 Nd7 26. Bc1 Nb6 27. Kc2 Qd7 28. Bxa3 Na4 29. Bxa4 Rxa4 30. Qb3 Ra5 31. Bb2 Rba8 32. Ra1 c6 33. dxc6 Qxc6 34. Rg2 Ra4 35. Rd2 Rb4 36. Qc3 Rd8 37. a3 Ra4 38. Qb3 Ra6 39. Rad1 Bf8 40. Bc3 Rda8 41. Ra1 Ra4 42. Bb2 Qa6 43. Rd3 Qc6 44. Nc3 R4a6 45. a4 Kh7 46. Nb5 Rb6 47. Bc3 Rab8 48. a5 Ra6 49. Rad1 Be7 50. Qa4 Rba8 51. Be1 Bf8 52. Rd5 Be7 53. Qb3 Bf8 54. Qd3 Rxa5 55. Bxa5 Rxa5 56. Kd2 Ra2+ 57. Ke3 Qa6 58. Rd2 Qa4 59. Rxa2 Qxa2 60. Nxd6 Qh2 61. Nb7 Qxh4 62. Nxc5 Qxg5+ 63. Ke2 h4 64. Qe3 Qg2+ 65. Qf2 Qg5 66. Nd7 Bh6 67. Nxe5 Qc1 68. Ng4 Qc2+ 69. Kf1 Qxc4+ 70. Kg2 h3+ 71. Kxh3 Qc8 72. Qh4 Qc1 73. Qxh6+ Qxh6+ 74. Nxh6 Kxh6 75. Kg4 Kg7 76. f4 f6 77. f5 g5 78. e5 fxe5 79. Rxe5 Kf6 80. Re6+ Kf7 81. Kxg5 Kg7 82. Rg6+ Kf7 83. f6 Ke6 84. Rg7 Ke5 85. Kg6 Kf4 86. f7 Kg4 87. f8=Q Kh4 88. Kf7 Kh5 89. Qh8# 1-0


[Site "https://www.chess.com"]

[Event "Titled Tuesday Blitz July 13 2021"]
[White "Derraugh, Geordie"]
[Black "Gledura, Benjamin"]
[WhiteFideId "2603950"]
[BlackFideId "712779"]
[WhiteElo "2132"]
[BlackElo "2326"]
[Result "0-1"]
[Round "01"]
[TimeControl "180+1"]
[Date "2021.07.13"]
[WhiteClock "0:00:01"]
[BlackClock "0:00:42"]

1. e4 c5 2. Nf3 Nc6 3. Bb5 g6 4. Bxc6 dxc6 5. d3 Bg7 6. h3 Nf6 7. O-O O-O 8. Nc3 b6 9. a4 a5 10. Re1 Qc7 11. Bg5 e5 12. Bh4 Nh5 13. Ne2 Bh8 14. c3 Ba6 15. g4 Ng7 16. Bg3 Ne6 17. d4 cxd4 18. cxd4 Rad8 19. Rc1 Bxe2 20. Rxe2 Nxd4 21. Nxd4 Qb7 22. Qc2 exd4 23. Qxc6 Qe7 24. Qxb6 d3 25. Rd2 Qxe4 26. Qxa5 Rd5 27. Qc7 Bxb2 28. Rcd1 Bg7 29. a5 Ra8 30. Qf4 f5 31. gxf5 gxf5 32. a6 Rxa6 33. Qb8+ Bf8 34. Qb3 Ra3 35. Qb8 Qe6 36. Qf4 Bh6 37. Qb8+ Kf7 38. Qb2 Bf8 39. Qb7+ Qd7 0-1


[Site "https://www.chess.com"]

[Event "Titled Tuesday Blitz July 13 2021"]
[White "Elgersma, Onno"]
[Black "Nabaty, Tamir"]
[WhiteFideId "1053531"]
[BlackFideId "2809052"]
[WhiteElo "2454"]
[BlackElo "2627"]
[Result "0-1"]
[Round "01"]
[TimeControl "180+1"]
[Date "2021.07.13"]
[WhiteClock "0:00:06"]
[BlackClock "0:01:10"]

1. e4 e6 2. d4 d5 3. Nc3 dxe4 4. Nxe4 Nd7 5. Nf3 Ngf6 6. Nxf6+ Nxf6 7. c3 Be7 8. Bb5+ c6 9. Bd3 O-O 10. O-O b6 11. Re1 Bb7 12. a4 c5 13. a5 bxa5 14. Bf4 Nd5 15. Bg3 Rc8 16. Ne5 cxd4 17. cxd4 Nb4 18. Bb1 f5 19. Bf4 Bf6 20. Qb3 Re8 21. Qg3 Qd5 22. h4 Bxh4 23. Qh3 Bf6 24. Ra3 Qxd4 25. Bh2 Qxb2 26. Rae3 Rc1 27. Bxf5 exf5 28. Qxf5 Bc8 29. Qh5 g6 30. Qf3 Bxe5 31. Bxe5 Rxe1+ 32. Rxe1 Rxe5 33. Rd1 Kg7 34. Rd6 Re1+ 35. Kh2 Qe5+ 36. Qg3 Qh5+ 0-1


[Site "https://www.chess.com"]

[Event "Titled Tuesday Blitz July 13 2021"]
[White "Fernandez, Michael"]
[Black "Zubov, Alexander"]
[WhiteFideId "5803560"]
[BlackFideId "14109409"]
[WhiteElo "2110"]
[BlackElo "2740"]
[Result "0-1"]
[Round "01"]
[TimeControl "180+1"]
[Date "2021.07.13"]
[WhiteClock "0:00:46"]
[BlackClock "0:01:37"]

1. e4 e5 2. Nf3 Nc6 3. d4 exd4 4. Nxd4 Bc5 5. Nxc6 bxc6 6. Bc4 Qh4 7. O-O Nf6 8. g3 Qh3 9. Qf3 O-O 10. Nc3 d5 11. Bd3 Bg4 12. Qg2 Qh5 13. h4 Bf3 14. Qh3 dxe4 15. Bc4 Ng4 16. b4 Bd4 17. Bd2 Rad8 18. Be1 e3 0-1


[Site "https://www.chess.com"]

[Event "Titled Tuesday Blitz July 13 2021"]
[White "Gabrielian, Artur"]
[Black "Gallegos Diaz, Carlos Alberto"]
[WhiteFideId "4131002"]
[BlackFideId "3900886"]
[WhiteElo "2523"]
[BlackElo "2362"]
[Result "1-0"]
[Round "01"]
[TimeControl "180+1"]
[Date "2021.07.13"]
[WhiteClock "0:01:45"]
[BlackClock "0:00:01"]

1. e4 d6 2. d4 Nf6 3. Nc3 c6 4. Nf3 Qa5 5. e5 Ne4 6. Bd3 Nxc3 7. bxc3 Bg4 8. exd6 Bxf3 9. gxf3 exd6 10. O-O Nd7 11. Re1+ Kd8 12. Rb1 Kc7 13. c4 Qh5 14. Bf4 Rd8 15. c5 f5 16. c3 Rb8 17. Re6 Qf7 18. Qe2 Kd8 19. cxd6 h6 20. Re1 1-0


[Site "https://www.chess.com"]

[Event "Titled Tuesday Blitz July 13 2021"]
[White "German, Sergio"]
[Black "Svane, Frederik"]
[WhiteFideId "105104"]
[BlackFideId "12923044"]
[WhiteElo "2410"]
[BlackElo "2459"]
[Result "0-1"]
[Round "01"]
[TimeControl "180+1"]
[Date "2021.07.13"]
[WhiteClock "0:00:12"]
[BlackClock "0:00:18"]

1. e4 c5 2. Nf3 a6 3. d4 cxd4 4. Nxd4 e5 5. Nb3 Nf6 6. Nc3 Nc6 7. a3 d6 8. Be2 Be7 9. O-O O-O 10. Be3 Be6 11. Bf3 Na5 12. Nxa5 Qxa5 13. Qd2 Qc7 14. Rfd1 Rac8 15. Rac1 b5 16. h3 Qb7 17. Bg5 Rfd8 18. Qd3 Nd7 19. Bxe7 Nc5 20. Qe3 Qxe7 21. Nd5 Qb7 22. Rb1 Na4 23. c3 Rb8 24. Rd2 Nb6 25. Nxb6 Qxb6 26. Qxb6 Rxb6 27. Rbd1 Kf8 28. Kf1 Ke7 29. Ke2 Rdb8 30. Ke3 a5 31. h4 h6 32. g3 Rc8 33. Be2 Rcc6 34. Bf1 Bb3 35. Rc1 b4 36. axb4 axb4 37. c4 Rc5 38. Rd3 Bxc4 39. Rdd1 Rbc6 40. Bxc4 Rxc4 41. Rxc4 Rxc4 42. Ra1 Rc2 43. Ra7+ Ke6 44. f4 Rxb2 45. f5+ Kf6 46. Rd7 Rb3+ 47. Kf2 Rd3 48. Ke2 Rd4 49. Ke3 g6 50. fxg6 fxg6 51. Rb7 h5 52. Rb6 Rc4 53. Rxd6+ Kg7 54. Rb6 Rc3+ 55. Kf2 b3 56. Rb7+ Kf6 57. Rb6+ Kf7 58. Rb7+ Ke6 59. Rb6+ Kd7 60. Rxg6 Kc7 61. Rg7+ Kb6 62. Rd7 b2 63. Rd1 Rc1 64. Rd8 b1=Q 65. Rb8+ Kc5 66. Rxb1 Rxb1 67. g4 hxg4 68. Kg3 Kd6 69. Kxg4 Ke6 70. Kg5 Rg1+ 71. Kh6 Kf6 72. h5 Rg5 73. Kh7 Rxh5+ 74. Kg8 Rh6 75. Kf8 Rh8# 0-1


[Site "https://www.chess.com"]